 Dungeon Crawl Stone Soup version 0.18.1-50-g88ac8fd (webtiles) character file.

161 Gemmine the Ducker (level 5, -1/52 HPs)
             Began as a Troll Berserker on Feb 6, 2017.
             Was a Believer of Trog.
             Slain by an ogre
             ... wielding a +0 giant club
              (8 damage)
             ... on level 4 of the Dungeon.
             The game lasted 00:08:52 (2982 turns).

Gemmine the Ducker (Troll Berserker)                Turns: 2982, Time: 00:08:53

Health: -1/52      AC:  6    Str: 26    XL:     5   Next: 19%
Magic:  4/4        EV: 10    Int:  3    God:    Trog [**....]
Gold:   95         SH:  0    Dex:  9    Spells: 0 memorised, 4 levels left

rFire  . . .     SeeInvis .     a - +0 falchion
rCold  . . .     Gourm    +     b - +1 animal skin
rNeg   . . .     Faith    .     (no shield)
rPois  .         Spirit   .     (helmet restricted)
rElec  .         Dismiss  .     (no cloak)
rCorr  .         Reflect  .     (gloves unavailable)
SustAt .         Harm     .     (boots unavailable)
MR     .....                    (no amulet)
Stlth  +.........               (no ring)
                                (no ring)

@: lethally poisoned (-1 -> -2), not resistant to hostile enchantments, very
unstealthy
A: unfitting armour, claws 3, fast metabolism 3, gourmand, regeneration 2,
shaggy fur 1, tough skin 2
a: Berserk, Trog's Hand, Burn Spellbooks, Renounce Religion


You were on level 4 of the Dungeon.
You worshipped Trog.
Trog was pleased with you.
You were not hungry.

You visited 1 branch of the dungeon, and saw 4 of its levels.

You collected 95 gold pieces.

Inventory:

Hand Weapons
 a - a +0 falchion (weapon)
Missiles
 i - 85 stones (quivered)
Armour
 b - a +1 animal skin (worn)
Scrolls
 e - 4 scrolls of identify
 g - 2 scrolls of recharging
Potions
 f - a potion of cure mutation
 h - a potion of heal wounds {unknown}
 j - a potion of ambrosia {unknown}
Comestibles
 c - a meat ration


   Skills:
 + Level 2.8 Fighting
 + Level 2.9 Long Blades
 + Level 1.8 Throwing
 + Level 3.6 Dodging
 + Level 0.7 Stealth


You had 4 spell levels left.
You didn't know any spells.

Dungeon Overview and Level Annotations

Branches:
Dungeon (4/15)
 Temple: D:4-7

Altars:


Innate Abilities, Weirdness & Mutations

You are too large for most types of armour.
You have claws for hands.
Your metabolism is lightning-fast.
You like to eat raw meat.
You heal very quickly.
You are covered in fur (AC +1).
You have very tough skin (AC +2).


Message History

The jackal moves out of view.
You feel sick.
Found a glaive.
You see here a javelin.
You barely miss the jackal. The jackal closely misses you.
You hit the jackal.
The jackal is severely wounded.
The jackal bites you.
The jackal bites you but does no damage.
An ogre comes into view. It is wielding a giant club.
You hit the jackal.
You kill the jackal!
Trog accepts your kill.
You feel sick.
You see here a jackal corpse.
You barely miss the ogre. The ogre hits you with a giant club!!
Ouch! That really hurt!
* * * LOW HITPOINT WARNING * * *
You closely miss the ogre. The ogre hits you with a giant club!
You die...

#.....#.# #####
#.###.#.# #.....# ..#
#.#.# #.....# #
..###.#.#####.....##..
............+.#......
..###.#.#####.#....#
..###.#.####..#..#
...........'.(..O#
.####.#.####.†.(@# ..
...#.# #..(.....#
#######.# #######..#
... ....+ ### .).#
...# ..# ..#


You could see an ogre.

Vanquished Creatures
  The ghost of Gemmine the Slasher, a weakling HuBe of Trog (D:3)
  A howler monkey (D:4)
  2 adders
  2 worms
  3 dart slugs
  3 giant geckos
  2 ball pythons
  8 bats
  2 giant cockroaches (D:1)
  A goblin (D:2)
  4 hobgoblins
  8 jackals
  A quokka (D:3)
  4 giant newts
  3 kobolds
  A quokka skeleton (D:4)
  4 rats
50 creatures vanquished.

Notes
Turn   | Place    | Note
--------------------------------------------------------------
     0 | D:1      | Gemmine the Troll Berserker began the quest for the Orb.
     0 | D:1      | Reached XP level 1. HP: 22/22 MP: 0/0
   253 | D:1      | Reached XP level 2. HP: 28/29 MP: 1/1
   754 | D:2      | Reached XP level 3. HP: 32/36 MP: 2/2
  1538 | D:3      | Reached skill level 3 in Dodging
  1717 | D:3      | Reached skill level 1 in Throwing
  1826 | D:3      | Reached ** piety under Trog
  2235 | D:3      | Noticed Gemmine's ghost (weakling HuBe)
  2254 | D:3      | Killed Gemmine's ghost
  2254 | D:3      | Reached XP level 4. HP: 44/44 MP: 3/3
  2960 | D:4      | Reached XP level 5. HP: 52/52 MP: 4/4
  2979 | D:4      | Noticed an ogre
  2982 | D:4      | Slain by an ogre

Skill      XL: |  1  2  3 |
---------------+----------+-----
Dodging        | 3 |  3.6
Throwing       | 1 |  1.8
Fighting       | |  2.8
Long Blades    | |  2.9
Stealth        | |  0.7

Action                   |  1- 3 |  4- 6 || total
-------------------------+-------+-------++-------
Melee: Falchion          |   127 |    28 ||   155
Throw: Javelin           |    36 |     3 ||    39
Invok: Berserk           |     2 |       ||     2
  Use: Scroll            |     6 |       ||     6
       Potion            |     2 |       ||     2
  Eat: Chunk             |    14 |       ||    14
       Bread ration      |     2 |     1 ||     3
Armor: Animal skin       |    70 |    11 ||    81
Dodge: Dodged            |   114 |    12 ||   126
